AoeStats
← lSLIPPYl

Highland

504927965Analyzed
3v3 RM · 26d ago on Sep 7, 2026· 45m 57s· 6 players
Game mode
Random Map
Map size
Normal (6 player)
Population
200
Speed
Normal
Resources
Standard
Victory
Conquest
Starting age
Dark Age
Ending age
Imperial Age
RankedLock teamsTeams togetherTeam positionsShared explorationLock speedFull tech treeHidden civsTurbo modeCheats
Victory
Defeat
🇦🇺 Celts · Australia
674
+19
🇦🇺 Celts · Australia
658
+19
🇦🇺 Persians · Australia
657
+19
🇺🇸 Bohemians · United States
801
-35
🇺🇸 Georgians · United States
713
-18
🇺🇸 Teutons · United States
685
-17
mitts_gray
0:36 Loom
10:58 Feudal Age
13:37 Double-Bit Axe
15:48 Horse Collar
22:57 Castle Age
31:20 Wheelbarrow
30:59 Bow Saw
31:34 Heavy Plow
34:29 Imperial Age
33:02 Hand Cart
34:24 Elite War Elephant
35:53 Forging
35:49 Scale Barding Armor
36:52 Chain Barding Armor
37:10 Iron Casting
38:08 Plate Barding Armor
38:51 Blast Furnace
40:06 Guilds
39:58 Caravan
45:50 Murder Holes
Nandos412
1:18 Loom
13:37 Feudal Age
14:58 Wheelbarrow
14:12 Double-Bit Axe
14:23 Man-at-Arms
15:02 Town Watch
15:20 Horse Collar
20:05 Gold Mining
20:12 Stone Mining
29:50 Castle Age
29:39 Forging
29:20 Fletching
30:48 Hand Cart
31:10 Bow Saw
31:32 Heavy Plow
32:50 Gold Shaft Mining
32:41 Fishing Lines
34:27 Iron Casting
33:49 Gillnets
35:45 Long Swordsman
37:09 Scale Mail Armor
39:42 Chain Mail Armor
39:43 Gambesons
43:03 Treadmill Crane
46:31 Imperial Age
Die_Hard_Keck
0:28 Loom
14:02 Feudal Age
15:18 Wheelbarrow
14:37 Double-Bit Axe
16:17 Horse Collar
18:56 Gold Mining
19:06 Stone Mining
23:34 Castle Age
24:25 Bow Saw
24:20 Heavy Plow
27:57 Gold Shaft Mining
28:36 Stone Shaft Mining
33:05 Fortified Wall
32:51 Murder Holes
34:33 Hand Cart
35:22 Ballistics
39:37 Treadmill Crane
43:15 Imperial Age
42:12 Masonry
43:16 Capped Ram
44:44 Siege Ram
Stopgriping
4:21 Loom
8:34 Loom
12:36 Feudal Age
24:00 Castle Age
36:24 Fletching
42:12 Chemistry
Sinister Yankee
2:38 Loom
13:44 Feudal Age
14:17 Double-Bit Axe
19:46 Castle Age
18:20 Man-at-Arms
19:24 Fletching
19:28 Town Watch
20:27 Wheelbarrow
21:04 Bow Saw
23:42 Bodkin Arrow
23:50 Padded Archer Armor
23:46 Horse Collar
23:56 Pikeman
24:43 Gold Mining
28:49 Stone Mining
33:58 Imperial Age
31:52 Heavy Plow
32:41 Leather Archer Armor
33:37 Forging
33:28 Scale Mail Armor
33:34 Scale Barding Armor
33:32 Caravan
35:13 Stone Shaft Mining
34:55 Crossbowman
37:06 Crenellations
37:37 Ring Archer Armor
38:14 Conscription
39:09 Iron Casting
38:50 Chain Mail Armor
39:49 Crop Rotation
40:39 Two-Man Saw
40:52 Chemistry
43:34 Halberdier
lSLIPPYl
5:11 Loom
13:40 Feudal Age
15:24 Wheelbarrow
19:46 Castle Age
19:11 Bloodlines
27:17 Husbandry
29:25 Double-Bit Axe
34:11 Forging
35:59 Hand Cart
41:18 Bow Saw
40:59 Gold Mining
41:00 Stone Mining
42:37 Scale Barding Armor
43:08 Iron Casting
Connection lost

Rejoining the realm…

Still unreachable

The connection could not be restored.

Session expired

The server has moved on; the page needs a fresh start.